 Dungeon Crawl Stone Soup version 0.17.0-19-gb37c632 (console) character file.

198 Kramin the Chucker (level 5, -3/44 HPs)
             Began as a Demigod Hunter on Nov 12, 2015.
             Slain by Crazy Yiuf
             ... wielding a +4 quarterstaff of chaos
              (20 damage)
             ... on level 2 of the Dungeon.
             The game lasted 00:05:08 (1909 turns).

Kramin the Chucker (Demigod Hunter)                 Turns: 1909, Time: 00:05:08

Health: -3/44      AC: 12    Str: 17    XL:     5   Next: 22%
Magic:  7/7        EV:  5    Int: 15    God:
Gold:   46         SH:  0    Dex: 16    Spells: 0 memorised, 4 levels left

rFire  . . .     SeeInvis .     c - +0 short sword
rCold  + . .     Clarity  .     i - +2 plate armour {rC+}
rNeg   . . .     SustAt   +     (no shield)
rPois  .         Gourm    .     (no helmet)
rElec  .         Spirit   .     (no cloak)
rCorr  .         Warding  .     (no gloves)
rMut   .         Stasis   .     (no boots)
MR     .....                    (no amulet)
Stlth  ..........               (no ring)
                                (no ring)

@: very slightly contaminated, hasted and slowed, not resistant to hostile
enchantments, extremely unstealthy
A: high mp 1, sustain attributes
a: no special abilities


You were on level 2 of the Dungeon.
You were not hungry.

You visited 1 branch of the dungeon, and saw 2 of its levels.

You collected 46 gold pieces.

Inventory:

Hand Weapons
 c - a +0 short sword (weapon)
Missiles
 a - a javelin (quivered)
 b - 2 throwing nets
Armour
 i - a +2 plate armour of cold resistance (worn)
Scrolls
 j - 2 scrolls of remove curse
 m - a scroll of random uselessness {unknown}
Potions
 f - a potion of lignification {unknown}
 g - a potion of invisibility {unknown}
 l - a potion of cancellation {unknown}
Comestibles
 d - a chunk of flesh
 e - 5 bread rations
 h - a meat ration
 k - 4 fruits


   Skills:
 + Level 2.8 Fighting
 * Level 3.6 Short Blades
 - Level 3.6 Throwing
 + Level 1.8 Armour
 - Level 1.7 Dodging
 - Level 0.8 Stealth


You had 4 spell levels left.
You didn't know any spells.

Dungeon Overview and Level Annotations

Branches:
Dungeon (2/15)

Annotations:
D:2 Crazy Yiuf


Innate Abilities, Weirdness & Mutations

You have an increased reservoir of magic (+10% MP).
Your attributes are resistant to harm.


Message History

You closely miss Crazy Yiuf.
Crazy Yiuf is almost dead.
Crazy Yiuf hits you with a quarterstaff of chaos.
You feel yourself slow down.
You hit Crazy Yiuf but do no damage.
Crazy Yiuf is almost dead.
You completely miss Crazy Yiuf.
Crazy Yiuf is almost dead.
Crazy Yiuf hits you but does no damage.
You are electrocuted!
* * * LOW HITPOINT WARNING * * *
Throwing (i - inventory. (,) - cycle):
a - 2 javelins (quivered)
Press: ? - help, Shift-Dir - straight line, f/p - Crazy Yiuf
Aim: Crazy Yiuf, wielding a quarterstaff of chaos and wearing a cloak (almost dead)
You throw a javelin. The javelin barely misses Crazy Yiuf.
Crazy Yiuf cries, "Snurf disdain arm!"
Crazy Yiuf hits you with a quarterstaff of chaos.
* * * LOW HITPOINT WARNING * * *
You are electrocuted!
You die...

#.### #.###.## ###
#..##.# #.# #.#
#..# .)# #.....#
#.# #.###.## ((#
##.#.## #)#
#.....# .. #.#.#
#.# ###.### (#
#.#.##### #.#
##.## ♣♣.
#.#...... #.#
#...# ♣(♣
#.####### #.##
###...### ♣♣g♣ #.#
...###.......#
♣@♣♣ #.#
.....).†.....#
♣♣.♣♣ ##.####
...###.......#
♣...♣♣ #.....####
#..# ###...###
♣....♣ ##.#......
##.# #...# #....#
#.#..#### #.#
##### #....#
#.#..# #.#
######## ##...##
#.#>.# #.#
#......####.....##
#.#..# ##.#
#.####...........#
#.#..#


You could see Crazy Yiuf.

Vanquished Creatures
  Sigmund (D:2)
  An adder (D:2)
  2 giant geckos
  5 goblins
  5 hobgoblins
  4 kobolds
  A ball python (D:1)
  6 bats
  4 giant newts
  7 rats (D:1)
36 creatures vanquished.

Notes
Turn   | Place    | Note
--------------------------------------------------------------
     0 | D:1      | Kramin the Demigod Hunter began the quest for the Orb.
     0 | D:1      | Reached XP level 1. HP: 17/17 MP: 3/3
   335 | D:1      | Reached skill level 1 in Short Blades
   645 | D:1      | Reached XP level 2. HP: 24/24 MP: 4/4
  1491 | D:2      | Found a blossoming altar of Fedhas.
  1527 | D:2      | Noticed Sigmund
  1566 | D:2      | Killed Sigmund
  1566 | D:2      | Reached skill level 1 in Armour
  1566 | D:2      | Reached XP level 3. HP: 13/30 MP: 5/5
  1566 | D:2      | Reached XP level 4. HP: 16/37 MP: 6/6
  1566 | D:2      | Reached XP level 5. HP: 18/42 MP: 7/7
  1898 | D:2      | Noticed Crazy Yiuf
  1909 | D:2      | Slain by Crazy Yiuf

Action                   |  1- 3 |  4- 6 || total
-------------------------+-------+-------++-------
Melee: Short sword       |   126 |    17 ||   143
Throw: Javelin           |     6 |     5 ||    11
       Throwing net      |     1 |       ||     1
  Use: Scroll            |     1 |       ||     1
 Stab: Sleeping          |     3 |       ||     3
       Held in net/web   |     1 |       ||     1
  Eat: Chunk             |     2 |     1 ||     3
